 Dungeon Crawl Stone Soup version 0.31.0-11-ge490571c62 (webtiles) character file.

Game seed: 9167161092607116386

2356 Gadfly the Insei (level 9, -2/68 HPs)
             Began as a Demonspawn Monk on Feb 3, 2024.
             Blown up by Joseph (18 damage)
             ... with a mindburst bolt
             ... on level 7 of the Dungeon.
             The game lasted 00:09:20 (6268 turns).

Gadfly the Insei (Demonspawn Monk)                  Turns: 6268, Time: 00:09:21

Health: -2/68      AC: 16    Str: 15    XL:     9   Next: 20%
Magic:  9/9        EV: 14    Int: 11    God:
Gold:   1108       SH:  4    Dex: 16    Spells: 6/8 levels left

rFire   + .          .
                       - Unarmed
rCold   . . .        (no shield)
rNeg    . . .        C - +2 robe {rF+}
rPois   .            (no helmet)
rElec   .            d - +1 cloak
rCorr   +            m - +0 pair of gloves
SInv    .            (no boots)
Will    .....        (no amulet)
Stlth   +            e - ring of resist corrosion
HPRegen 0.31/turn    i - +4 ring of protection
MPRegen 0.11/turn

%: no passive effects
@: no status effects
A: claws 1, icemail 1, powered by death 1, sharp scales 1, condensation shield
a: no special abilities


You were on level 7 of the Dungeon.
You visited 2 branches of the dungeon, and saw 8 of its levels.
You also visited: Ossuary.

You collected 1108 gold pieces.

Inventory:

Hand Weapons
 b - a +2 dagger of venom
 w - a +3 spear
Armour
 c - an orb of light
 d - a +1 cloak (worn)
 m - a +0 pair of gloves (worn)
 C - a +2 robe of fire resistance (worn)
Jewellery
 e - a ring of resist corrosion (left hand)
 i - a +4 ring of protection (right hand)
 y - a ring of flight
Talismans
 g - a serpent talisman
 l - a flux talisman
Wands
 p - a wand of mindburst (8)
 q - a wand of iceblast (7)
 A - a wand of flame (31) (quivered)
 B - a wand of charming (8)
Scrolls
 j - a scroll of teleportation
 k - 6 scrolls of fog
 n - 4 scrolls of blinking
 t - a scroll of immolation
 v - 2 scrolls of poison
 D - a scroll of butterflies
 G - a scroll of enchant weapon
 H - a scroll of fear
Potions
 a - a potion of might
 h - 2 potions of heal wounds
 o - 4 potions of mutation
 r - 2 potions of attraction
 s - 5 potions of curing
 u - a potion of enlightenment
 x - 2 potions of haste
 z - a potion of resistance
 E - a potion of lignification


   Skills:
 + Level 5.0 Fighting
 + Level 5.1 Dodging
 + Level 6.6 Unarmed Combat
 + Level 5.0 Evocations
 + Level 5.3 Shapeshifting


You had 6 spell levels left.
You knew the following spells:

 Your Spells              Type           Power      Damage    Failure   Level
a - Blink                 Tloc           0%         N/A       47%         2

Your spell library contained the following spells:

 Spells                   Type           Power      Damage    Failure   Level
 Magic Dart               Conj           0%         1d3       34%         1
 Call Imp                 Summ           0%         N/A       47%         2


Dungeon Overview and Level Annotations

Branches:
Dungeon (7/15)             Temple (1/1) D:4         Ossuary (visited)

Altars:
Cheibriados
Dithmenos
Fedhas
Gozag
Kikubaaqudgha
Makhleb
Nemelex Xobeh
Okawaru
Qazlal
Sif Muna
Trog
Uskayaw
Vehumet
Xom
Yredelemnul

Shops:
D:1 :   D:5 *

Annotations:
D:7 Joseph


Innate Abilities, Weirdness & Mutations

You have sharp fingernails.
A meltable icy envelope protects you from harm. (AC +4)
You regenerate a little health from kills.
You are partially covered in razor-sharp scales. (AC +1, Slay +1)
A meltable shield of frost defends you. (SH +4)


Message History

You closely miss Joseph.
Joseph is lightly wounded.
Joseph zaps a wand.
Your mind is blasted!
You are too injured to fight recklessly!
You are too injured to fight recklessly!
You are too injured to fight recklessly!
You are too injured to fight recklessly!
You are too injured to fight recklessly!
You are too injured to fight recklessly!
You are too injured to fight recklessly!
You are too injured to fight recklessly!
You are too injured to fight recklessly!
You are too injured to fight recklessly!
You are too injured to fight recklessly!
You are too injured to fight recklessly!
You are too injured to fight recklessly!
You are too injured to fight recklessly!
You are too injured to fight recklessly!
You are too injured to fight recklessly!
Unknown command.
Aiming: Mindburst
Press: ? - help, Shift-Dir - straight line, f - Joseph
Aim: Joseph, wielding a +0 quarterstaff, wearing a +0 leather armour and carrying a wand of mindburst (lightly wounded, chance to affect: 67%) Joseph's mind is blasted!!
Joseph zaps a wand.
You struggle to resist.
Unknown command.
Aiming: Mindburst
Press: ? - help, Shift-Dir - straight line, f/p - Joseph
Aim: Joseph, wielding a +0 quarterstaff, wearing a +0 leather armour and carrying a wand of mindburst (moderately wounded, chance to affect: 67%) Joseph struggles to resist.
Joseph zaps a wand.
Your mind is blasted!
* * * LOW HITPOINT WARNING * * *
Unknown command.
You hit Joseph.
Joseph is moderately wounded.
You hit Joseph but do no damage.
Joseph is moderately wounded.
Joseph closely misses you.
You barely miss Joseph.
Joseph is moderately wounded.
Joseph zaps a wand.
Your mind is blasted!
You die...

#########
.$#.....##
.........##
..........#
..........#
......@...#
.......@..#
..........#
..........#
.........##
..#.....#####
# ##.##..8..#
#..#.....#
##..8...8##
###......#


You could see Joseph.

Vanquished Creatures
  Pikel (D:7)
  A water moccasin (D:7)
  2 black bears
  2 orc warriors
  A sky beast (D:6)
  A centaur (D:5)
  A kobold brigand (D:7)
  An elf zombie (Ossuary)
  A weeping skull (Ossuary)
  A bullfrog (D:6)
  A gnoll sergeant (D:6)
  A scorpion (D:4)
  A burial acolyte (Ossuary)
  2 bombardier beetles
  2 jellies (D:5)
  7 hounds
  2 iguanas (D:6)
  2 sleepcaps (D:6)
  Terence (D:3)
  2 orc wizards
  4 mummies (Ossuary)
  8 adders
  8 gnolls
  A shadow imp (D:6)
  A white imp (D:7)
  2 ufetubi (D:7)
  A ribbon worm (D:3)
  A dart slug (D:4)
  10 orcs
  8 bats
  7 endoplasms
  3 giant cockroaches
  3 gnoll zombies (Ossuary)
  5 goblins
  5 hobgoblins
  6 quokkas
  6 ball pythons
  3 frilled lizards
  9 kobolds
  2 kobold zombies (Ossuary)
  2 orc zombies (Ossuary)
  7 rats
135 creatures vanquished.

Notes
Turn   | Place    | Note
-------+----------+-------------------------------------------
     0 | D:1      | Gadfly the Demonspawn Monk began the quest for the Orb.
     0 | D:1      | Reached XP level 1. HP: 18/18 MP: 1/1
   543 | D:1      | Gained mutation: A meltable shield of frost defends you.
                  | (SH +4) [demonic ancestry]
   543 | D:1      | Reached XP level 2. HP: 24/24 MP: 2/2
   608 | D:1      | Found a transporter.
   608 | D:1      | Found Ynimic's Book Shoppe.
   702 | D:1      | Found a transporter.
  1010 | D:2      | Reached skill level 1 in Evocations
  1151 | D:2      | Reached skill level 3 in Unarmed Combat
  1151 | D:2      | Reached skill level 1 in Shapeshifting
  1151 | D:2      | Gained mutation: You are partially covered in razor-sharp
                  | scales. (AC +1, Slay +1) [demonic ancestry]
  1151 | D:2      | Reached XP level 3. HP: 29/29 MP: 3/3
  1331 | D:2      | Found a faded altar of an unknown god.
  1487 | D:2      | Gained mutation: You regenerate a little health from kills.
                  | [demonic ancestry]
  1487 | D:2      | Reached XP level 4. HP: 35/35 MP: 4/4
  1879 | D:3      | Learned a level 2 spell: Blink
  1927 | D:3      | Noticed Terence
  1941 | D:3      | Killed Terence
  2644 | D:4      | Reached XP level 5. HP: 39/41 MP: 5/5
  2675 | D:4      | Found a staircase to the Ecumenical Temple.
  2697 | Temple   | Entered the Ecumenical Temple
  2704 | D:4      | Found a radiant altar of Vehumet.
  2840 | D:4      | Noticed a black bear
  2853 | D:4      | Killed a black bear
  2854 | D:4      | Reached skill level 4 in Unarmed Combat
  2854 | D:4      | Gained mutation: You have sharp fingernails. [demonic
                  | ancestry]
  2854 | D:4      | Reached XP level 6. HP: 31/47 MP: 6/6
  2958 | D:4      | Found a stormy altar of Qazlal.
  3361 | D:4      | Identified a scroll of acquirement
  3362 | D:4      | Acquired 798 gold pieces
  3385 | D:5      | Entered Level 5 of the Dungeon
  3485 | D:5      | Noticed an orc warrior
  3529 | D:5      | Reached XP level 7. HP: 32/52 MP: 7/7
  3979 | D:5      | Found a bloodstained altar of Trog.
  4015 | D:5      | Found Zoofoa's Assorted Antiques.
  4038 | D:5      | Reached skill level 5 in Unarmed Combat
  4528 | D:6      | Reached XP level 8. HP: 33/60 MP: 8/8
  4706 | D:6      | Found an iron altar of Okawaru.
  5476 | D:7      | Found a shimmering altar of Xom.
  5498 | D:7      | Reached skill level 6 in Unarmed Combat
  5531 | D:7      | Noticed Joseph
  5537 | D:7      | Noticed a komodo dragon
  5743 | D:7      | Noticed Pikel
  5757 | D:7      | Killed Pikel
  5758 | D:7      | Reached skill level 5 in Shapeshifting
  5758 | D:7      | Gained mutation: A meltable icy envelope protects you from
                  | harm. (AC +4) [demonic ancestry]
  5758 | D:7      | Reached XP level 9. HP: 19/66 MP: 9/9
  5953 | D:7      | Found a sand-covered staircase.
  5961 | Ossuary  | Entered an ossuary
  6077 | Ossuary  | Reached skill level 5 in Dodging
  6147 | Ossuary  | Reached skill level 5 in Evocations
  6163 | Ossuary  | Reached skill level 5 in Fighting
  6268 | D:7      | Blown up by Joseph

Illustrated notes

Levels and vault maps discovered:
D:1:      dpeg_arrival_rhombus, layout_basic, serial_shops,
          nicolae_shop_drivethru
D:2:      layout_loops_ring, chequers_ecumenical_altar_twisty,
          kennysheep_decorative_pillar
D:3:      layout_loops_ring, elyvilon_altar_1, uniq_terence
D:4:      layout_basic, mainiacjoe_overflow_catwalk,
          nicolae_qazlal_scattered_showers, minmay_temple_entry_statues_pillars
D:5:      layout_basic, mainiacjoe_overflow_surrounded_room, serial_shops,
          nicolae_shop_real_fake_doors, grunt_decor_one_mirror
D:6:      layout_gridville, hellmonk_okawaru_the_only_friend_you_need
D:7:      layout_rooms, xom_teletrap_fun, serial_corexii_hall,
          corexii_hall_statues_u, chequers_hall_statues_wall_a,
          nicolae_ossuary_entry_monument, uniq_pikel, uniq_joseph
Temple:   nicolae_temple_no_exploring_needed

Skill      XL: |  1  2  3  4  5  6  7  8  9 |
---------------+----------------------------+-----
Evocations     | 1 2 3 4 5 |  5.0
Unarmed Combat | 3 4 5 6 |  6.6
Shapeshifting  | 1 2 3 4 5 |  5.3
Dodging        | 3 4 5 |  5.1
Fighting       | 4 5 |  5.0

Action                     |  1- 3 |  4- 6 |  7- 9 || total
---------------------------+-------+-------+-------++-------
  Melee: Unarmed           |    49 |       |    81 ||   130
         Dagger            |    32 |   145 |   266 ||   443
         Punch             |       |     1 |    13 ||    14
  Evoke: Wand              |       |       |     4 ||     4
    Use: Scroll            |     2 |    11 |     7 ||    20
         Potion            |     2 |     2 |     1 ||     5
   Stab: Sleeping          |       |     2 |     1 ||     3
 Armour: Robe              |    39 |    91 |   248 ||   378
  Dodge: Dodged            |    42 |   119 |   285 ||   446
  Block: Other             |       |     5 |    65 ||    70
